 Dungeon Crawl Stone Soup version 0.29.1-2-gbd0b4ee654 (webtiles) character file.

Game seed: 2562166532987548487

418 Icepheonix32 the Purveyor of Pain (level 6, -4/32 HPs)
             Began as a Deep Elf Necromancer on Oct 31, 2022.
             Was an Initiate of Kikubaaqudgha.
             Slain by an ogre
             ... wielding a +0 giant club
              (8 damage)
             ... on level 5 of the Dungeon.
             The game lasted 00:05:53 (4547 turns).

Icepheonix32 the Purveyor of Pain (DENe)            Turns: 4547, Time: 00:05:53

Health: -4/32      AC: 10    Str:  7    XL:     6   Next: 61%
Magic:  8/12       EV: 10    Int: 20    God:    Kikubaaqudgha [......]
Gold:   218        SH:  0    Dex: 15    Spells: 3/11 levels left

rFire   . . .      SeeInvis .   C - staff of death
rCold   . . .      Faith    .   (no shield)
rNeg    + . .      Spirit   .   f - +4 ring mail
rPois   .          Reflect  .   (no helmet)
rElec   .          Harm     .   (no cloak)
rCorr   .          Rampage  .   j - +0 pair of gloves
Will    .....                   (no boots)
Stlth   +.........              (no amulet)
HPRegen 0.10/turn               (no ring)
MPRegen 0.13/turn               (no ring)

@: no status effects
A: no striking features
a: Renounce Religion


You were on level 5 of the Dungeon.
You worshipped Kikubaaqudgha.
Kikubaaqudgha was noncommittal.
You visited 2 branches of the dungeon, and saw 6 of its levels.

You collected 218 gold pieces.

Inventory:

Hand Weapons
 c - a +0 dagger
 h - a +3 short sword
 m - the +8 spear of Recklessness {vorpal, Str+2 Dex+6}
   (You took it off a kobold on level 2 of the Dungeon)

   It inflicts extra damage upon your enemies.
   Str:       It affects your strength (+2).
   Dex:       It affects your dexterity (+6).
 w - a +0 long sword of electrocution
Armour
 a - a +0 robe
 f - a +4 ring mail (worn)
 j - a +0 pair of gloves (worn)
Magical Staves
 C - a staff of death (weapon)
Wands
 o - a wand of flame (15)
 x - a wand of digging (5)
 y - a wand of polymorph (5)
Scrolls
 e - a scroll of fear
 g - 5 scrolls of identify {unknown}
 l - a scroll of teleportation
 n - a scroll of magic mapping {unknown}
 p - a scroll of immolation {unknown}
 r - 2 scrolls of blinking {unknown}
 v - a scroll of butterflies {unknown}
 z - a scroll of poison
 A - a scroll of enchant armour {unknown}
Potions
 b - a potion of magic
 d - a potion of degeneration {unknown}
 i - a potion of haste {unknown}
 k - a potion of mutation {unknown}
 q - a potion of ambrosia {unknown}
 s - a potion of attraction {unknown}
 t - a potion of lignification {unknown}
 u - a potion of curing {unknown}
 B - a potion of brilliance {unknown}
 D - a potion of experience {unknown}


   Skills:
 + Level 0.3 Staves
 * Level 2.0 Armour
 - Level 2.4 Dodging
 - Level 2.4 Stealth
 - Level 3.0 Spellcasting
 + Level 8.8 Necromancy
 * Level 1.1 Evocations


You had 3 spell levels left.
You knew the following spells:

 Your Spells              Type           Power      Damage    Failure   Level
a - Necrotise             Necr           100%       1d9       1%          1
b - Vampiric Draining     Necr           55%        2d9       3%          3
c - Animate Dead          Necr           55%        N/A       12%         4

Your spell library contained the following spells:

 Spells                   Type           Power      Damage    Failure   Level
 Magic Dart               Conj           12%        1d3       43%         1
 Call Imp                 Summ           3%         N/A       56%         2
 Mephitic Cloud           Conj/Pois/Air  3%         N/A       80%         3
 Agony                    Necr           55%        N/A       34%         5


Dungeon Overview and Level Annotations

Branches:
Dungeon (5/15)             Temple (1/1) D:4

Altars:
Ashenzari
Cheibriados
Dithmenos
Fedhas
Gozag
Hepliaklqana
Kikubaaqudgha
Nemelex Xobeh
Okawaru
Qazlal
Ru
Sif Muna
Trog
Uskayaw
Vehumet
Yredelemnul
Zin
The Shining One


Message History

Done exploring.
C - a staff of death (weapon)
There is a stone staircase leading down here.
You see here a +0 scale mail.
You see here a +0 falchion.
There is a stone staircase leading down here.
There is a stone staircase leading down here.
You climb downwards.
There is a stone staircase leading up here.
A dart slug is nearby!
You feel a surge of power!
The dart slug writhes in agony!
The dart slug bites you but does no damage.
You feel a surge of power!
The dart slug writhes in agony!
You kill the dart slug!
Kikubaaqudgha accepts your kill.
Magic restored.
An ogre comes into view. It is wielding a +0 giant club.
Found a stone staircase leading up.
An ogre is nearby!
An ogre is nearby!
The ogre shouts!
You feel a surge of power!
The ogre barely resists.
You feel a surge of power!
The ogre barely resists.
You feel a surge of power!
The ogre writhes in agony!
You feel a surge of power!
The ogre writhes in agony!
You feel a surge of power!
The ogre barely resists.
The ogre hits you with a +0 giant club!!
Ouch! That really hurt!
* * * LOW HITPOINT WARNING * * *
You are too injured to fight recklessly!
You are too injured to fight recklessly!
You are too injured to fight recklessly!
You hit the ogre.
The ogre is severely wounded.
The ogre barely misses you.
You hit the ogre.
The ogre is severely wounded.
The ogre hits you with a +0 giant club!
You die...
Kikubaaqudgha rasps: "You have failed me!
Welcome... death!"

#.##.# #.##.#
#.##.#########
###.##..........
#.......########
#.#.##.##
#.#....##
####.###.#..<..#
.<....O@.......#
.........#.....#
###########...##
#####


You could see an ogre.

Vanquished Creatures
  2 phantoms (D:4)
  A jelly (D:4)
  An orc priest (D:4)
  An iguana (D:4)
  An orc wizard (D:4)
  4 gnolls (D:4)
  3 adders
  3 worms
  2 dart slugs
  2 orcs (D:4)
  7 endoplasms
  3 giant cockroaches
  9 goblins
  7 hobgoblins
  6 quokkas
  9 ball pythons
  5 bats
  7 frilled lizards
  4 kobolds (D:2)
  4 rats
81 creatures vanquished.

Vanquished Creatures (collateral kills)
  An endoplasm (D:4)
1 creature vanquished.

Grand Total: 82 creatures vanquished

Notes
Turn   | Place    | Note
-------+----------+-------------------------------------------
     0 | D:1      | Icepheonix32 the Deep Elf Necromancer began the quest for
                  | the Orb.
     0 | D:1      | Reached XP level 1. HP: 10/10 MP: 6/6
   104 | D:1      | Reached skill level 5 in Necromancy
   430 | D:1      | Reached XP level 2. HP: 15/15 MP: 5/8
  1233 | D:1      | Reached skill level 6 in Necromancy
  1281 | D:1      | Reached XP level 3. HP: 19/19 MP: 4/9
  1823 | D:2      | Identified the +8 spear of Recklessness {vorpal, Str+2
                  | Dex+6}
  1924 | D:2      | Learned a level 3 spell: Vampiric Draining
  2123 | D:2      | Noticed a golden eye
  2125 | D:2      | Found a faded altar of an unknown god.
  2126 | D:2      | Noticed an eye of devastation
  2126 | D:2      | Noticed a great orb of eyes
  2126 | D:2      | Noticed a great orb of eyes
  2223 | D:3      | Reached XP level 4. HP: 24/24 MP: 8/10
  2879 | D:4      | Reached skill level 7 in Necromancy
  3024 | D:4      | Reached XP level 5. HP: 28/28 MP: 9/11
  3072 | D:4      | Learned a level 4 spell: Animate Dead
  3123 | D:4      | Reached skill level 1 in Armour
  3124 | D:4      | Noticed a phantom
  3137 | D:4      | Killed a phantom
  3138 | D:4      | Reached skill level 8 in Necromancy
  3138 | D:4      | Reached XP level 6. HP: 17/32 MP: 7/12
  3590 | D:4      | Found a staircase to the Ecumenical Temple.
  3599 | Temple   | Entered the Ecumenical Temple
  3781 | Temple   | Became a worshipper of Kikubaaqudgha
  4255 | D:5      | Entered Level 5 of the Dungeon
  4276 | D:4      | Reached skill level 1 in Evocations
  4547 | D:5      | Slain by an ogre

Illustrated notes

Levels and vault maps discovered:
D:1:      roderic_dead_forest, layout_loops_corners
D:2:      layout_rooms, hellmonk_ecumenical_altar_watching_god,
          nicolae_figureground_sparkle
D:3:      layout_loops_cross
D:4:      layout_basic, minmay_temple_entry_fiery
D:5:      layout_loops_ring, lemuel_doored_altar
Temple:   hc_temple_tempest_star

Skill      XL: |  1  2  3  4  5  6 |
---------------+-------------------+-----
Necromancy     | 5 6 7 8 |  8.8
Armour         | 1 2 |  2.0
Evocations     | 1 |  1.1
Staves         | |  0.3
Dodging        | |  2.4
Stealth        | |  2.4
Spellcasting   | |  3.0

Action                   |  1- 3 |  4- 6 || total
-------------------------+-------+-------++-------
Melee: Dagger            |     4 |       ||     4
       Short sword       |    11 |       ||    11
       Spear             |     3 |    33 ||    36
       Unarmed           |       |     5 ||     5
       Staff             |       |    14 ||    14
       Punch             |       |     1 ||     1
 Cast: Necrotise         |    61 |    61 ||   122
  Use: Scroll            |     5 |       ||     5
 Stab: Sleeping          |     3 |       ||     3
       Distracted        |     1 |     1 ||     2
Armor: Robe              |     5 |       ||     5
       Ring mail         |       |    24 ||    24
       Skin              |       |     1 ||     1
Dodge: Dodged            |    18 |    30 ||    48
